 Dungeon Crawl Stone Soup version 0.31-a0-200-gbc41564c69 (webtiles) character file.

Game seed: 2400668166552120697

59 qw the Shooter (level 3, -2/16 (20) HPs)
             Began as a Deep Elf Hunter on June 25, 2023.
             Slain by Terence
             ... wielding a +1 mace of draining
              (7 damage)
             ... on level 2 of the Dungeon.
             The game lasted 00:00:28 (902 turns).

qw the Shooter (Deep Elf Hunter)                     Turns: 902, Time: 00:00:28

HP:   -2/16 (20)    AC:  5    Str: 10    XL:     3   Next: 78%
MP:   5/5           EV: 11    Int: 13    God:
Gold: 64            SH:  0    Dex: 18    Spells: 2/2 levels left

rFire   . . .        Y - +3 orcbow (freeze)
rCold   . . .        (shield currently unavailable)
rNeg    . . .        a - +0 ring mail
rPois   .            (no helmet)
rElec   .            (no cloak)
rCorr   .            (no gloves)
SInv    .            (no boots)
Will    .....        (no amulet)
Stlth   +            (no ring)
HPRegen 0.22/turn    (no ring)
MPRegen 0.09/turn

%: no passive effects
@: heavily drained
A: no striking features
a: no special abilities


You were on level 2 of the Dungeon.
You visited 1 branch of the dungeon, and saw 2 of its levels.

You collected 64 gold pieces.


   Skills:
 - Level 1.5 Fighting
 + Level 7.3 Ranged Weapons
 - Level 2.4 Dodging
 - Level 1.2 Stealth


You had 2 spell levels left.
You didn't know any spells.
Your spell library was empty.

Inventory:

Hand Weapons
 Y - a +3 orcbow of freezing (weapon)
Armour
 a - a +0 ring mail (worn)
Jewellery
 g - a ring of see invisible
Scrolls
 e - a scroll of noise {unknown}
Potions
 b - a potion of attraction {unknown}
 c - a potion of berserk rage {unknown}
 d - a potion of enlightenment {unknown}
 f - a potion of haste {unknown}
 j - a potion of heal wounds {unknown}

Dungeon Overview and Level Annotations

Branches:
Dungeon (2/15)

Altars:

Annotations:
D:2 Terence


Message History

Terence and a kobold come into view.
Terence is wielding a +1 mace of draining.
Terence shouts!
The kobold shouts!
The kobold moves out of view.
Enter note:
Enter note:
Enter note:
Enter note:
Enter note:
Enter note: You shoot an arrow.
The arrow closely misses Terence.
You shoot an arrow. The arrow hits the kobold!
The arrow freezes the kobold.
You kill the kobold!
You shoot an arrow. The arrow hits Terence!
The arrow freezes Terence.
Terence is severely wounded.
Terence closely misses you.
Enter note:
Enter note:
Enter note:
Enter note:
Enter note:
Enter note: You shoot an arrow.
The arrow closely misses Terence.
Terence hits you with a +1 mace of draining.
You feel drained.
You shoot an arrow. The arrow barely misses Terence.
Terence hits you with a +1 mace of draining.
You feel drained.
Terence hits you with a +1 mace of draining!
You feel drained.
You shoot an arrow. The arrow closely misses Terence.
Terence hits you but does no damage.
You feel drained.
You shoot an arrow. The arrow hits Terence.
The arrow freezes Terence.
Terence is severely wounded.
Terence closely misses you.
You shoot an arrow.
The arrow hits Terence but does no damage.
Terence is severely wounded.
Terence hits you with a +1 mace of draining!
You die...

#.##.##.###########.##
#.#.......).# #.#
#.......###.# #.#
#######..#### #.#
#........# ##.## .
#.######.# ###...# ##
#.## #<....# ...
#.#.## #.#...# ..
..###@# #.##### .#
.... #@.# #.# .# ###.
#.#)# #.# .# #. ###.#
#.# .# # #.# #.# .###
#.# #.# ...# #.# #.#
.#.# #.# #.# ##.# #.#


You could see Terence.

Vanquished Creatures
  2 adders (D:2)
  A dart slug (D:1)
  4 endoplasms
  3 giant cockroaches
  4 hobgoblins
  3 jackals (D:1)
  A quokka (D:1)
  2 ball pythons (D:1)
  2 bats (D:1)
  3 frilled lizards
  2 goblins (D:1)
  8 kobolds
  A rat (D:2)
36 creatures vanquished.

Notes
Turn   | Place    | Note
-------+----------+-------------------------------------------
     0 | D:1      | qw the Deep Elf Hunter began the quest for the Orb.
     0 | D:1      | Reached XP level 1. HP: 12/12 MP: 3/3
     0 | D:1      | 0 ||| qw: Version: 0.3-a-22-g0ed2b0b
     0 | D:1      | 0 ||| qw: Game counter: 5524
     0 | D:1      | 0 ||| qw: Melee chars always use a shield: true
     0 | D:1      | 0 ||| qw: God list: Okawaru
     0 | D:1      | 0 ||| qw: Allow faded altars: false
     0 | D:1      | 0 ||| qw: Do Orc after clearing Dungeon:15 true
     0 | D:1      | 0 ||| qw: Do second Lair branch before Depths: true
     0 | D:1      | 0 ||| qw: Lair rune preference: random
     0 | D:1      | 0 ||| qw: Goals: Normal
     0 | D:1      | 0 ||| PLANNING D:1-11
   131 | D:1      | Found a faded altar of an unknown god.
   155 | D:1      | Reached XP level 2. HP: 16/16 MP: 4/4
   164 | D:1      | Reached skill level 6 in Ranged Weapons
   233 | D:1      | 233 ||| SWAPPING to +0 orcbow.
   234 | D:1      | 234 ||| DROPPING +0 shortbow.
   554 | D:1      | 554 ||| UPGRADING to +0 ring mail.
   564 | D:1      | 564 ||| DROPPING +0 leather armour.
   565 | D:1      | 565 ||| DROPPING amulet of magic regeneration.
   566 | D:1      | 566 ||| READING scroll labelled PEXECANAQE.
   567 | D:1      | 567 ||| READING 3 scrolls labelled ABEGI KUUTROLADGH.
   568 | D:1      | 568 ||| READING 2 scrolls of enchant weapon.
   568 | D:1      | 568 ||| ENCHANTING +1 orcbow of freezing.
   569 | D:1      | 569 ||| READING scroll of enchant weapon.
   569 | D:1      | 569 ||| ENCHANTING +2 orcbow of freezing.
   570 | D:1      | 570 ||| READING scroll labelled BOENAA MIHEMM.
   575 | D:1      | 575 ||| DROPPING scroll of butterflies.
   576 | D:1      | 576 ||| DROPPING scroll of immolation.
   632 | D:2      | Reached XP level 3. HP: 14/20 MP: 5/5
   697 | D:2      | Reached skill level 7 in Ranged Weapons
   893 | D:2      | Noticed Terence
   902 | D:2      | Slain by Terence

Levels and vault maps discovered:
D:1:      eino_arrival_cavern_e, layout_basic,
          hellmonk_ecumenical_altar_blasted, minmay_stone_trees_medium
D:2:      minmay_chambers_of_ones, layout_loops_ring, uniq_terence

Skill      XL: |  1  2  3 |
---------------+----------+-----
Ranged Weapons | 6 7 |  7.3
Fighting       | |  1.5
Dodging        | |  2.4
Stealth        | |  1.2

Action                     || total
---------------------------++-------
   Fire: Shortbow          ||    17
         Orcbow            ||    79
    Use: Scroll            ||     5
 Armour: Leather armour    ||     6
         Ring mail         ||     8
  Dodge: Dodged            ||    18

Table legend:
 A = Non-vault XP
 B = Vault XP
 C = Vault XP percentage of total XP
 D = Non-vault monster count
 E = Vault monster count
 F = Vault count percentage of total count
                 A         B        C        D         E       F
            +---------+---------+-------+---------+---------+-------
      Total |      85 |       0 |   0.0 |      36 |       0 |   0.0
            +---------+---------+-------+---------+---------+-------
        D:1 |      38 |       0 |   0.0 |      22 |       0 |   0.0
        D:2 |      47 |       0 |   0.0 |      14 |       0 |   0.0
            +---------+---------+-------+---------+---------+-------
